 Dungeon Crawl Stone Soup version 0.27-a0-25-g087482e4d5 (webtiles) character file.

Game seed: 5606502482927536955

71 DocSulfur the Sneak (level 4, -4/24 HPs)
             Began as a Kobold Enchanter on Jan 2, 2021.
             Slain by a black bear (6 damage)
             ... on level 2 of the Dungeon.
             The game lasted 00:06:02 (2704 turns).

DocSulfur the Sneak (Kobold Enchanter)              Turns: 2704, Time: 00:06:03

Health: -4/24      AC:  3    Str:  5    XL:     4   Next: 47%
Magic:  3/8        EV: 15    Int: 22    God:
Gold:   88         SH:  0    Dex: 16    Spells: 2/8 levels left

rFire    . . .     SeeInvis .   a - +1 dagger
rCold    . . .     Faith    .   (shield restricted)
rNeg     . . .     Spirit   .   b - +0 robe
rPois    .         Reflect  .   (no helmet)
rElec    .         Harm     .   (no cloak)
rCorr    .         Rampage  .   (no gloves)
Will     .....                  e - +0 pair of boots
Stlth    ++++......             (no amulet)
HPRegen  0.08/turn              n - +6 ring of intelligence
MPRegen  0.11/turn              (no ring)

@: no status effects
A: small, nightstalker 3
a: no special abilities


You were on level 2 of the Dungeon.
You visited 1 branch of the dungeon, and saw 4 of its levels.

You collected 88 gold pieces.

Inventory:

Hand Weapons
 a - a +1 dagger (weapon)
Missiles
 j - 3 poisoned darts
Armour
 b - a +0 robe (worn)
 e - a +0 pair of boots (worn)
Jewellery
 n - a +6 ring of intelligence (left hand)
Wands
 m - a wand of iceblast (12)
Scrolls
 c - a scroll of enchant armour {unknown}
 g - a scroll of remove curse {unknown}
 h - 2 scrolls of teleportation {unknown}
 i - 2 scrolls of identify {unknown}
Potions
 d - a potion of cancellation {unknown}
 f - 3 potions of curing {unknown}
 k - a potion of lignification {unknown}
 l - a potion of heal wounds {unknown}


   Skills:
 - Level 1.3 Short Blades
 - Level 2.4 Dodging
 - Level 4.0 Stealth
 + Level 2.9 Spellcasting
 + Level 1.4 Conjurations
 + Level 3.6 Hexes
 + Level 1.5 Ice Magic


You had 2 spell levels left.
You knew the following spells:

 Your Spells              Type           Power        Failure   Level
a - Corona                Hex            21%          2%          1
b - Ensorcelled Hibernat  Hex/Ice        28%          6%          2
c - Confusing Touch       Hex            19%          9%          3

Your spell library contained the following spells:

 Spells                   Type           Power        Failure   Level
 Tukima's Dance           Hex            19%          9%          3
 Dazzling Flash           Conj/Hex       28%          13%         3


Dungeon Overview and Level Annotations

Branches:
Dungeon (4/15)
 Temple: D:4-7

Altars:

Annotations:
D:3 exclusions: bat, orc, orc priest and orc warrior


Innate Abilities, Weirdness & Mutations

You are small and have problems with some larger weapons.
You are completely attuned to the shadows.


Message History

Okay, then.
Casting: Ensorcelled Hibernation (safe; 6% risk of failure)
Confirm with . or Enter, or press ? or * to list all spells.
Aiming: Ensorcelled Hibernation (safe; 6% risk of failure)
Press: ? - help, Shift-Dir - straight line, f/p - black bear
Aim: a black bear (lightly wounded, not susceptible)
Okay, then.
Casting: Ensorcelled Hibernation (safe; 6% risk of failure)
Confirm with . or Enter, or press ? or * to list all spells.
The spell is quite dangerous to cast (9% risk of failure)!
Continue anyway?
Your hands begin to glow red.
The black bear bites you.
* * * LOW HITPOINT WARNING * * *
The black bear closely misses you. The black bear barely misses you.
You hit the black bear but do no damage.
The black bear appears confused.
The black bear is lightly wounded.
You hit the black bear.
The black bear is lightly wounded.
The black bear bites you.
You die...

#.##.. ..# #####
#.###...###
.##♣8P.P..#
###..P....# ...P.
#.......# ....
#####'########.#####
.#..PP..............#
.###...P.....P.h@♣###
..h#####......####
..)..#####..### ...#
.....#...#..#.###.....
......................
.....#.........##....#
######........).......
#####........###.#..#
#............###.....


You could see a black bear (confused).

Vanquished Creatures
  2 adders (D:3)
  2 dart slugs
  2 orcs (D:3)
  9 bats
  4 giant cockroaches
  9 goblins
  6 kobolds
  2 quokkas
  4 frilled lizards
  8 rats
48 creatures vanquished.

Vanquished Creatures (others)
  7 toadstools (D:1)
7 creatures vanquished.

Grand Total: 55 creatures vanquished

Notes
Turn   | Place    | Note
-------+----------+-------------------------------------------
     0 | D:1      | DocSulfur the Kobold Enchanter began the quest for the Orb.
     0 | D:1      | Reached XP level 1. HP: 10/10 MP: 3/3
   117 | D:1      | Reached XP level 2. HP: 9/15 MP: 1/5
   120 | D:1      | Learned a level 2 spell: Ensorcelled Hibernation
   896 | D:1      | Reached XP level 3. HP: 19/19 MP: 6/6
  1025 | D:2      | Learned a level 3 spell: Confusing Touch
  1078 | D:2      | Reached skill level 1 in Ice Magic
  1196 | D:3      | Reached skill level 1 in Conjurations
  1800 | D:3      | Reached XP level 4. HP: 24/24 MP: 8/8
  2195 | D:3      | Noticed an orc warrior
  2669 | D:2      | Noticed a black bear
  2704 | D:2      | Slain by a black bear

Illustrated notes

Levels and vault maps discovered:
D:1:      nagdon_arrival_zigzag_paths, layout_basic
D:2:      layout_basic, chequers_ecumenical_altar_lobes
D:3:      layout_basic, st_stairs_13
D:4:      layout_basic, temple_statues, gammafunk_ghost_grave

Skill      XL: |  1  2  3 |
---------------+----------+-----
Ice Magic      | 1 |  1.5
Conjurations   | 1 |  1.4
Short Blades   | |  1.3
Dodging        | |  2.4
Stealth        | |  4.0
Spellcasting   | |  2.9
Hexes          | |  3.6

Action                   |  1- 3 |  4- 6 || total
-------------------------+-------+-------++-------
Melee: Dagger            |   124 |    34 ||   158
 Cast: Corona            |     4 |       ||     4
       Ensorcelled Hiber |     6 |     6 ||    12
       Confusing Touch   |       |     1 ||     1
 Stab: Sleeping          |    23 |     6 ||    29
Armor: Robe              |    27 |     7 ||    34
Dodge: Dodged            |    99 |    37 ||   136

Table legend: (Time is in decaauts)
 A = Elapsed time spent in this place.
 B = Non-inter-level travel time spent in this place.
 C = Inter-level travel time spent in this place.
 D = Time resting spent in this place.
 E = Time spent auto-exploring this place.
 F = Levels seen in this place.
 G = Mean time per level.
                   A        B        C        D        E       F      G
               +--------+--------+--------+--------+--------+-----+--------+
         Total |   2692 |   2639 |     53 |     38 |   1918 |   4 |  673.0 |
       Dungeon |   2692 |   2639 |     53 |     38 |   1918 |   4 |  673.0 |
               +--------+--------+--------+--------+--------+-----+--------+

Top non-repeatable levels by time:
     D:3: 1415 daAuts
     D:1: 983 daAuts
     D:2: 292 daAuts
     D:4: 1 daAuts
